 Dungeon Crawl Stone Soup version 0.26-a0-778-g3fe0686644 (webtiles) character file.

Game seed: 12796118634052575068

3788 lunkers the Geomancer (level 10, -2/56 HPs)
             Began as an Octopode Earth Elementalist on Nov 10, 2020.
             Was an Initiate of Vehumet.
             Slain by a killer bee (10 damage)
             ... on level 8 of the Dungeon on Nov 11, 2020.
             The game lasted 00:19:17 (10935 turns).

lunkers the Geomancer (OpEE)                       Turns: 10935, Time: 00:19:18

Health: -2/56      AC:  1    Str:  8    XL:     10   Next: 16%
Magic:  13/21      EV: 13    Int: 20    God:    Vehumet [......]
Gold:   392        SH:  5    Dex: 13    Spells: 13/24 levels left

rFire    + . .     SeeInvis +   (no weapon)
rCold    + . .     Faith    .   h - +0 buckler
rNeg     . . .     Spirit   .   (helmet restricted)
rPois    .         Reflect  .   (no amulet)
rElec    .         Harm     .   k - ring of Cym Winu {rF+ rC+ SInv}
rCorr    .         Rampage  .   f - ring of flight
MR       .....                  (no ring)
Stlth    +++.......             (no ring)
HPRegen  0.18/turn              (no ring)
MPRegen  0.17/turn              (no ring)
                                (no ring)
                                (no ring)

@: lethally poisoned (-2 -> -8), marked
A: almost no armour, stealthy swim, amphibious, 8 rings, constrict 8, camouflage
1, gelatinous body 1
a: Renounce Religion, Evoke Flight


You were on level 8 of the Dungeon.
You worshipped Vehumet.
Vehumet was noncommittal.
You visited 2 branches of the dungeon, and saw 9 of its levels.

You collected 392 gold pieces.

Inventory:

Missiles
 o - 49 stones (quivered)
Armour
 h - a +0 buckler (worn)
Jewellery
 f - a ring of flight (right tentacle)
 k - the ring of Cym Winu (left tentacle) {rF+ rC+ SInv}
   (You found it on level 4 of the Dungeon)

   [ring of protection from cold]

   It protects you from fire.
   It protects you from cold.
   It lets you see invisible.
Wands
 s - a wand of enslavement (7)
Scrolls
 c - 5 scrolls of identify
 d - a scroll of immolation {unknown}
 j - 2 scrolls of teleportation
 l - a scroll of magic mapping {unknown}
 p - a scroll of enchant armour {unknown}
 q - a scroll of random uselessness {unknown}
 r - a scroll of brand weapon {unknown}
Potions
 a - a potion of flight
 b - 3 potions of attraction
 e - a potion of haste
 g - 3 potions of heal wounds
 i - a potion of lignification
 m - a potion of berserk rage
 n - 3 potions of brilliance
 t - a potion of curing {unknown}


   Skills:
 - Level 2.0 Dodging
 - Level 2.6 Stealth
 - Level 4.0 Shields
 + Level 7.5 Spellcasting
 - Level 1.0 Transmutations
 * Level 11.4 Earth Magic


You had 13 spell levels left.
You knew the following spells:

 Your Spells              Type           Power        Failure   Level
a - Stone Arrow           Conj/Erth      ####..       2%          3
b - Passwall              Tmut/Erth      ####....     1%          2
c - Sandblast             Erth           ######       1%          1
d - Lee's Rapid Deconstr  Erth           ######....   2%          5

Your spell library contained the following spells:

 Spells                   Type           Power        Failure   Level
 Petrify                  Tmut/Erth      ####....     7%          4


Dungeon Overview and Level Annotations

Branches:
Dungeon (8/15)             Temple (1/1) D:7
   Lair: D:8-11

Altars:
Ashenzari
Cheibriados
Elyvilon
Fedhas
Gozag
Hepliaklqana
Makhleb
Nemelex Xobeh
Okawaru
Qazlal
Ru
Sif Muna
Uskayaw
Vehumet
Wu Jian
Xom
Yredelemnul
Zin
The Shining One
Jiyva

Shops:
D:7 *

Annotations:
D:8 1 transporter


Innate Abilities, Weirdness & Mutations

You cannot wear most types of armour.
You are very stealthy in the water. (Stealth+)
You are amphibious.
You can wear up to eight rings at the same time.
You can use your tentacles to constrict eight enemies at once.
Your skin changes colour to match your surroundings (Stealth+).
Your rubbery body absorbs attacks. (AC +1, EV +1)


Message History

The killer bee barely misses you.
Unknown command.
Unknown command.
Casting: Stone Arrow (dangerous; 2% risk of failure)
Confirm with . or Enter, or press ? or * to list all spells.
Press: ? - help, Dir - move target cursor A rock wall.
The killer bee stings you!
* * * LOW HITPOINT WARNING * * *
The killer bee stings you!
* * * LOW HITPOINT WARNING * * *
The killer bee stings you.
* * * LOW HITPOINT WARNING * * *
You are poisoned.
The killer bee poisons you! The phantom closely misses you.
The killer bee closely misses you. The killer bee misses you.
You block the killer bee's attack.
You begin to meditate on the wall.
You continue meditating on the rock.
You feel sick. The killer bee stings you!
You die...

#............(##..#
##..................#
#...........#........
#...........#)>.....#
#..........#........#
##........#.(......##
#..y....#.........#
##WyyJ...........##
...#
##@y#.......#...# ...
###......###...# ..
##......### .## .
###.....### #
##.....### #
###....### #
###....### ##
###....###
.#####.....##


You could see a phantom, a jelly and 4 killer bees.

Vanquished Creatures
  A two-headed ogre (D:6)
  Sigmund (D:3)
  Menkaure (D:5)
  An orc warrior (D:8)
  An ice beast (D:8)
  3 phantoms
  A sky beast (D:7)
  3 ogres
  3 centaurs
  3 bullfrogs
  A gnoll sergeant (D:6)
  5 killer bees (D:8)
  4 wights
  3 howler monkeys
  2 centaur zombies
  A quasit (D:7)
  A jelly (D:7)
  2 hounds
  3 orc priests
  A bullfrog skeleton (D:4)
  3 iron imps (D:3)
  3 orc wizards (D:8)
  Crazy Yiuf (D:4)
  Jessica (D:3)
  Terence (D:3)
  An iguana (D:5)
  5 worker ants
  A hound zombie (D:5)
  A hound skeleton (D:2)
  9 gnolls
  12 adders
  3 shadow imps
  A white imp (D:8)
  An ufetubus (D:5)
  4 oozes
  2 worms
  2 dart slugs
  4 leopard geckos
  10 orcs
  2 ball pythons
  8 bats
  9 giant cockroaches
  6 goblins
  8 hobgoblins
  12 jackals
  6 quokkas
  6 frilled lizards
  8 kobolds
  2 quokka zombies (D:5)
  4 rats
177 creatures vanquished.

Notes
Turn   | Place    | Note
-------+----------+-------------------------------------------
     0 | D:1      | lunkers the Octopode Earth Elementalist began the quest for
                  | the Orb.
     0 | D:1      | Reached XP level 1. HP: 11/11 MP: 3/3
   151 | D:1      | Reached XP level 2. HP: 17/17 MP: 0/5
   765 | D:1      | Reached XP level 3. HP: 21/21 MP: 1/6
  1070 | D:2      | Reached skill level 4 in Earth Magic
  1541 | D:2      | Reached XP level 4. HP: 27/27 MP: 4/8
  1935 | D:3      | Reached skill level 1 in Shields
  1961 | D:3      | Found a faded altar of an unknown god.
  1975 | D:3      | Reached XP level 5. HP: 19/31 MP: 5/9
  2019 | D:3      | Noticed Terence
  2329 | D:3      | Reached skill level 5 in Earth Magic
  2456 | D:3      | Killed Terence
  2800 | D:3      | Noticed Jessica
  2804 | D:3      | Noticed Sigmund
  2808 | D:3      | Killed Jessica
  2808 | D:3      | Reached XP level 6. HP: 36/36 MP: 5/10
  2828 | D:3      | Killed Sigmund
  2920 | D:3      | Found a white marble altar of Elyvilon.
  2920 | D:3      | Found a broken altar of Ashenzari.
  2921 | D:3      | Found a hazy altar of Hepliaklqana.
  3052 | D:3      | Found a burning altar of Makhleb.
  3067 | D:3      | Reached skill level 6 in Earth Magic
  3069 | D:3      | Reached XP level 7. HP: 17/41 MP: 1/12
  3383 | D:3      | Found a sacrificial altar of Ru.
  3665 | D:4      | Learned a level 2 spell: Passwall
  3669 | D:4      | Learned a level 3 spell: Stone Arrow
  3675 | D:4      | Learned a level 5 spell: Lee's Rapid Deconstruction
  3901 | D:4      | Found a runed translucent door.
  3902 | D:4      | Noticed Crazy Yiuf
  4507 | D:4      | Reached skill level 7 in Earth Magic
  4507 | D:4      | Reached XP level 8. HP: 46/46 MP: 4/14
  4612 | D:4      | Found a shimmering blue altar of Sif Muna.
  4626 | D:4      | Found a white marble altar of Elyvilon.
  4634 | D:4      | Got a fine glass ring
  4928 | D:4      | Killed Crazy Yiuf
  4993 | D:5      | Entered Level 5 of the Dungeon
  5340 | D:5      | Found a shimmering altar of Xom.
  5753 | D:5      | Identified the ring of Cym Winu {rF+ rC+ SInv} (You found
                  | it on level 4 of the Dungeon)
  5905 | D:5      | Reached skill level 5 in Spellcasting
  5905 | D:5      | Reached skill level 8 in Earth Magic
  6125 | D:5      | Noticed Menkaure
  6127 | D:5      | Killed Menkaure
  7237 | D:6      | Reached skill level 9 in Earth Magic
  7240 | D:6      | Reached XP level 9. HP: 31/51 MP: 1/17
  7537 | D:6      | Noticed a two-headed ogre
  7546 | D:6      | Killed a two-headed ogre
  8234 | D:6      | Reached skill level 10 in Earth Magic
  8761 | D:7      | Found an opulent altar of Gozag.
  8807 | D:7      | Found Gozag's Platinum Reserve.
  8903 | D:7      | Found a glowing silver altar of Zin.
  9253 | D:7      | Found a staircase to the Ecumenical Temple.
  9271 | Temple   | Entered the Ecumenical Temple
  9423 | Temple   | Became a worshipper of Vehumet
  9688 | D:8      | Found a transporter.
  9974 | D:8      | Reached skill level 11 in Earth Magic
 10034 | D:8      | Reached XP level 10. HP: 56/56 MP: 13/20
 10935 | D:8      | Slain by a killer bee

Illustrated notes

Levels and vault maps discovered:
D:1:      saegor_arrival_simple_a, layout_loops_ring
D:2:      layout_basic
D:3:      layout_rooms, demons_altar, gammafunk_temple_overflow_claw,
          chequers_ecumenical_altar_simple, nicolae_ru_sacrificial_ziggurat,
          uniq_jessica, uniq_terence, uniq_sigmund
D:4:      minmay_inner_zag, layout_cave_pools, lemuel_blue_sif_altar,
          hangedman_abyss_or_decor_stabs, elyvilon_altar_1,
          uniq_crazy_yiuf_cottage
D:5:      layout_loops_ring, brannock_xom_greatest_gift, uniq_menkaure
D:6:      layout_loops_corners, serial_rivers, chequers_serial_rivers_large_b,
          chequers_serial_rivers_room_b, chequers_serial_rivers_small_b,
          chequers_serial_rivers_micro_e, chequers_serial_rivers_small_b
D:7:      layout_cave_pools, zin_academy, nicolae_gozag_zags_fifth_avenue,
          minmay_temple_entry_nine_rooms
D:8:      layout_cave_pods, gammafunk_temple_overflow_elements,
          gammafunk_ghost_arena
Temple:   pf_slime_end_temple

Skill      XL: |  1  2  3  4  5  6  7  8  9 |
---------------+----------------------------+-----
Earth Magic    | 4 5 6 7 9 11 | 11.4
Shields        | 1 2 3 4 |  4.0
Spellcasting   | 3 4 5 7 |  7.5
Dodging        | |  2.0
Stealth        | |  2.6
Transmutations | |  1.0

Action                   |  1- 3 |  4- 6 |  7- 9 | 10-12 || total
-------------------------+-------+-------+-------+-------++-------
Melee: Unarmed           |     9 |    20 |    32 |       ||    61
       Constrict         |     3 |     6 |     8 |       ||    17
       Tentacles         |     1 |     4 |     2 |       ||     7
Throw: Stone             |     1 |       |       |       ||     1
 Cast: Sandblast         |    47 |    79 |    40 |     9 ||   175
       Stone Arrow       |       |       |   145 |    20 ||   165
       Passwall          |       |       |       |     1 ||     1
  Use: Scroll            |       |     5 |     5 |       ||    10
       Potion            |       |       |       |     1 ||     1
Armor: Skin              |     2 |     2 |     2 |     1 ||     7
Dodge: Dodged            |    18 |    27 |    53 |    20 ||   118
Block: Buckler           |       |    10 |    15 |     3 ||    28

Table legend: (Time is in decaauts)
 A = Elapsed time spent in this place.
 B = Non-inter-level travel time spent in this place.
 C = Inter-level travel time spent in this place.
 D = Time resting spent in this place.
 E = Time spent auto-exploring this place.
 F = Levels seen in this place.
 G = Mean time per level.
                   A        B        C        D        E       F      G
               +--------+--------+--------+--------+--------+-----+--------+
         Total |  10937 |  10811 |    126 |    778 |   8630 |   9 | 1215.2 |
       Dungeon |  10772 |  10662 |    110 |    778 |   8495 |   8 | 1346.5 |
        Temple |    164 |    148 |     16 |      0 |    135 |   1 |  164.0 |
               +--------+--------+--------+--------+--------+-----+--------+

Top non-repeatable levels by time:
     D:5: 2021 daAuts
     D:3: 1646 daAuts
     D:6: 1530 daAuts
     D:4: 1469 daAuts
     D:8: 1270 daAuts
     D:1: 1027 daAuts
     D:7: 957 daAuts
     D:2: 849 daAuts
  Temple: 164 daAuts
